 Dungeon Crawl Stone Soup version 0.19-a0-830-gd2fbe1e (webtiles) character file.

136 AlphabetPasta the Grave Robber (level 4, -2/30 HPs)
             Began as a Demonspawn Necromancer on June 29, 2016.
             Killed from afar by an orc wizard (6 damage)
             ... with a magic dart
             ... on level 3 of the Dungeon on June 30, 2016.
             The game lasted 00:14:47 (2370 turns).

AlphabetPasta the Grave Robber (DsNe)               Turns: 2370, Time: 00:14:51

Health: -2/30      AC:  2    Str:  8    XL:     4   Next: 98%
Magic:  6/8        EV: 13    Int: 18    God:
Gold:   98         SH:  0    Dex: 13    Spells: 3 memorised, 3 levels left

rFire  . . .     SeeInvis .     n - +0 halberd
rCold  . . .     Gourm    .     a - +0 robe
rNeg   . . .     Faith    .     (shield currently unavailable)
rPois  .         Spirit   .     (helmet restricted)
rElec  .         Dismiss  .     (no cloak)
rCorr  .         Reflect  .     (no gloves)
SustAt .         Harm     .     (no boots)
MR     .....                    (no amulet)
Stlth  ++........               (no ring)
                                (no ring)

@: flying, not resistant to hostile enchantments, unstealthy
A: horns 1, powered by pain 2
a: no special abilities


You were on level 3 of the Dungeon.
You were not hungry.

You visited 1 branch of the dungeon, and saw 3 of its levels.

You collected 98 gold pieces.

Inventory:

Hand Weapons
 n - a +0 halberd (weapon)
Armour
 a - a +0 robe (worn)
Wands
 s - a wand of iceblast (1/15)
Scrolls
 d - a scroll of noise {unknown}
 e - 2 scrolls of remove curse {unknown}
 f - a scroll of immolation {unknown}
 m - 4 scrolls of identify {unknown}
 q - a scroll of random uselessness {unknown}
Potions
 h - a potion of lignification
 i - 2 potions of haste {unknown}
 j - 3 potions of invisibility {unknown}
 l - 3 potions of berserk rage {unknown}
 o - a potion of agility {unknown}
 t - 2 potions of curing {unknown}
 u - a potion of cancellation {unknown}
Books
 b - a book of Necromancy

   Spells                             Type                      Level
   a - Pain                           Necromancy                   1
   b - Animate Skeleton               Necromancy                   1
   c - Vampiric Draining              Necromancy                   3
   d - Regeneration                   Charms/Necromancy            3
   e - Animate Dead                   Necromancy                   4
   f - Control Undead                 Necromancy                   4
Comestibles
 c - 2 bread rations
 k - 3 beef jerkies
 p - a meat ration
 r - 10 chunks of flesh


   Skills:
 + Level 1.4 Polearms
 + Level 2.5 Dodging
 - Level 1.7 Stealth
 + Level 2.8 Spellcasting
 * Level 5.5 Necromancy


You had 3 spell levels left.
You knew the following spells:

 Your Spells              Type           Power        Failure   Level  Hunger
a - Pain                  Necr           ###.         1%          1    None
b - Animate Skeleton      Necr           N/A          1%          1    None
c - Vampiric Draining     Necr           ###.......   6%          3    ###....


Dungeon Overview and Level Annotations

Branches:
Dungeon (3/15)

Altars:


Innate Abilities, Weirdness & Mutations

You have a pair of small horns on your head.
You sometimes gain power by taking damage.


Message History

* * * LOW HITPOINT WARNING * * *
You miss something. Something hits you but does no damage.
You closely miss something. Something hits you but does no damage.
Something hits you.
* * * LOW HITPOINT WARNING * * *
You barely miss something. Something hits you but does no damage.
You miss something. Something hits you but does no damage.
You barely miss something.
You feel less woody.
Your +0 robe unmelds from your body.
Something hits you.
* * * LOW HITPOINT WARNING * * *
Something hits you.
* * * LOW HITPOINT WARNING * * *
It was a potion of flight.
You feel very buoyant.
You fly up into the air.
You hear some strange, mumbled words.
A magic dart appears from out of thin air!
The magic dart hits you!
You die...

#############
#...Z..ZZ...#
##
#.#########.#
#. #.# ##.##
#. #.#
##ZZZ## #.
#.#
###.....###.
#.#
#............
#.#
#.##.....####
#@# # ##...##
#{# ##.## #o#
#.# #..).....
..#
####o########
#


You could see an orc.

Vanquished Creatures
  3 gnolls
  2 adders
  A worm (D:2)
  2 dart slugs (D:1)
  2 giant geckos (D:1)
  7 orcs (D:3)
  2 giant cockroaches (D:1)
  10 goblins
  5 hobgoblins
  8 jackals
  2 quokkas (D:3)
  6 bats
  4 giant newts
  6 kobolds
  3 rats
63 creatures vanquished.

Vanquished Creatures (collateral kills)
  A gnoll (D:2)
  2 bats
  A giant newt (D:3)
  A rat (D:1)
5 creatures vanquished.

Grand Total: 68 creatures vanquished

Notes
Turn   | Place    | Note
--------------------------------------------------------------
     0 | D:1      | AlphabetPasta the Demonspawn Necromancer began the quest for the Orb.
     0 | D:1      | Reached XP level 1. HP: 13/13 MP: 3/3
    81 | D:1      | Learned a level 1 spell: Animate Skeleton
   350 | D:1      | Gained mutation: You have a pair of small horns on your head. [demonic ancestry]
   350 | D:1      | Reached XP level 2. HP: 13/19 MP: 0/5
   617 | D:1      | Gained mutation: You sometimes gain a little power by taking damage. [demonic ancestry]
   617 | D:1      | Reached XP level 3. HP: 11/24 MP: 0/6
   635 | D:1      | Learned a level 3 spell: Vampiric Draining
   748 | D:1      | Reached skill level 5 in Necromancy
  1192 | D:2      | Found a faded altar of an unknown god.
  1257 | D:2      | Gained mutation: You sometimes gain power by taking damage. [demonic ancestry]
  1257 | D:2      | Reached XP level 4. HP: 14/30 MP: 0/7
  1641 | D:2      | Reached skill level 1 in Polearms
  2370 | D:3      | Killed from afar by an orc wizard

Vault maps used:
D:1:      dpeg_arrival_concentric_ovals
D:2:      ecumenical_altar_1
D:3:      lemuel_round_altar, first_bread

Skill      XL: |  1  2  3  4 |
---------------+-------------+-----
Dodging        | 2 |  2.5
Necromancy     | 5 |  5.5
Polearms       | 1 |  1.4
Stealth        | |  1.7
Spellcasting   | |  2.8

Action                   |  1- 3 |  4- 6 || total
-------------------------+-------+-------++-------
Melee: Unarmed           |     5 |       ||     5
       Headbutt          |     4 |     3 ||     7
       Halberd           |    23 |    79 ||   102
 Cast: Pain              |    50 |    32 ||    82
       Animate Skeleton  |     9 |    12 ||    21
  Use: Potion            |       |     2 ||     2
 Stab: Sleeping          |     2 |     3 ||     5
       Distracted        |     1 |       ||     1
  Eat: Chunk             |     2 |     3 ||     5
Armor: Robe              |     6 |    10 ||    16
       Skin              |       |     9 ||     9
Dodge: Dodged            |    16 |    51 ||    67
